 Dungeon Crawl Stone Soup version 0.18.1-5-g4a78601 (webtiles) character file.

450322 Romlok the Fencer (level 23, -26/137 HPs)
             Began as a Gargoyle Warper on May 7, 2016.
             Was the Champion of Okawaru.
             Killed by Shatter
             ... invoked by Jorgrun
              (72 damage)
             ... on level 2 of the Elven Halls on May 12, 2016.
             The game lasted 16:00:30 (73211 turns).

Romlok the Fencer (Gargoyle Warper)                Turns: 73211, Time: 16:00:31

Health: -26/137    AC: 37    Str: 19    XL:     23   Next: 96%
Magic:  35/35      EV: 20    Int: 19    God:    Okawaru [******]
Gold:   3454       SH: 24    Dex: 22    Spells: 5 memorised, 29 levels left

rFire  + + +     SeeInvis +     a - +8 scimitar "Ussacw" {slice, Int+4 Dex+6}
rCold  + + +     Gourm    +     f - +1 scale mail of Okawaru's Pride {rF++ rN++ Stlth+}
rNeg   + + +     Faith    .     K - +2 large shield
rPois  ∞         Spirit   .     E - +0 hat {Int+3}
rElec  +         Dismiss  .     c - +2 cloak {rC+}
rCorr  .         Reflect  .     w - +2 pair of gloves {rC+}
SustAt .         Harm     .     R - +0 pair of boots {Stlth+}
MR     ++...     Clarity  +     y - amulet of Petail {Gourm rPois rC+ Str+2 Int-3}
Stlth  +++++.....               q - ring of protection from magic
                                z - ring of see invisible

@: studying Dodging, very resistant to hostile enchantments, quite stealthy
A: big wings, clarity, fire resistance 1, negative energy resistance 1,
electricity resistance, slow regeneration 1, unbreathing, petrification
resistance, rot immunity, subdued magic 1, MP-powered wands, AC +17
a: Fly, Heroism, Finesse, Renounce Religion
}: 3/15 runes: serpentine, barnacled, silver


You were on level 2 of the Elven Halls.
You worshipped Okawaru.
Okawaru was exalted by your worship.
You were completely stuffed.

You visited 10 branches of the dungeon, and saw 44 of its levels.
You visited the Abyss 3 times.
You visited 1 bazaar.
You also visited: Ice Cave and Volcano.

You collected 5207 gold pieces.
You spent 1753 gold pieces at shops.

Inventory:

Hand Weapons
 a - the +8 scimitar "Ussacw" (weapon) {slice, Int+4 Dex+6}
   (Okawaru gifted it to you on level 15 of the Dungeon)

   It inflicts extra damage upon your enemies.
   It affects your intelligence (+4).
   It affects your dexterity (+6).
 b - the +5 demon blade of the Hidden Seas {venom, rElec rF+ Int-3 SInv}
   (Okawaru gifted it to you on level 3 of the Snake Pit)

   It poisons the flesh of those it strikes.
   It affects your intelligence (-3).
   It protects you from fire.
   It insulates you from electricity.
   It lets you see invisible.
 h - a +2 long sword of flaming
 C - the +1 demon blade "Banisher" {freeze, rN+ Int+3 Dex-4}
   (You bought it in a shop on level 2 of the Orcish Mines)

   It has been specially enchanted to freeze those struck by it, causing extra
   injury to most foes and up to half again as much damage against particularly
   susceptible opponents.
   It can also slow down cold-blooded creatures.
   It affects your intelligence (+3).
   It affects your dexterity (-4).
   It protects you from negative energy.
Missiles
 e - 9 tomahawks of dispersal
 V - 12 javelins of returning (quivered)
Armour
 c - a +2 cloak of cold resistance (worn)
 f - the +1 scale mail of Okawaru's Pride (worn) {rF++ rN++ Stlth+}
   (You found it on level 1 of the Shoals)

   It greatly protects you from fire.
   It greatly protects you from negative energy.
   It makes you more stealthy.
 w - a +2 pair of gloves of cold resistance (worn)
 E - a +0 hat of intelligence (worn)
 I - the +0 buckler of the Present {+Inv Regen+ Str+8 Stlth-}
   (Okawaru gifted it to you on level 7 of the Lair of Beasts)

   It affects your strength (+8).
   It lets you turn invisible.
   It increases your rate of regeneration.
   It makes you less stealthy.
 K - a +2 large shield (worn)
 R - a +0 pair of boots of stealth (worn)
Jewellery
 i - an uncursed ring of sustain attributes
 q - a ring of protection from magic (right hand)
 y - the amulet of Petail (around neck) {Gourm rPois rC+ Str+2 Int-3}
   (You acquired it on level 1 of the Vaults)

   [amulet of the gourmand]

   It allows you to eat raw meat even when not hungry.
   It affects your strength (+2).
   It affects your intelligence (-3).
   It protects you from cold.
   It protects you from poison.
 z - a ring of see invisible (left hand)
 F - the amulet of Faenycos {Faith rPois MP+9 Int-2 Dex+4}
   (You found it on level 2 of the Elven Halls)

   [amulet of faith]

   It allows you to gain divine favour quickly.
   It affects your intelligence (-2).
   It affects your dexterity (+4).
   It protects you from poison.
   It affects your magic capacity (+9).
 M - an uncursed ring of protection from cold
Wands
 l - a wand of digging (4/24)
 u - a wand of heal wounds (8/9)
 O - a wand of teleportation (6/9)
 Z - a wand of hasting (6/9)
Scrolls
 j - 6 scrolls of magic mapping
 m - 2 scrolls of fog
 n - 27 scrolls of identify
 p - 4 scrolls of teleportation
 r - a scroll of torment
 s - 14 scrolls of remove curse
 x - 4 scrolls of recharging
 H - 3 scrolls of enchant weapon
 J - 2 scrolls of blinking
 L - 3 scrolls of holy word
 U - 11 scrolls of fear
Potions
 k - 2 potions of invisibility
 o - 13 potions of curing
 t - 4 potions of resistance
 B - a potion of brilliance
 Q - 7 potions of cancellation
 X - 2 potions of haste
Books
 v - a manual of Dodging
 A - a book of Misfortune

   Spells                             Type                      Level
   a - Confusing Touch                Hexes                        2
   b - Confuse                        Hexes                        3
   c - Gell's Gravitas                Hexes/Translocation          3
   d - Petrify                        Transmutation/Earth          4
   e - Metabolic Englaciation         Hexes/Ice                    5
   f - Yara's Violent Unravelling     Hexes/Transmutation          5
 G - Ownilliu's Compendium of Conjuration
   (You found it on level 1 of the Elven Halls)

   Spells                             Type                      Level
   a - Shock                          Conjuration/Air              1
   b - Magic Dart                     Conjuration                  1
   c - Throw Frost                    Conjuration/Ice              2
   d - Mephitic Cloud                 Conjuration/Poison/Air       3
   e - Dazzling Spray                 Conjuration/Hexes            3
   f - Bolt of Cold                   Conjuration/Ice              6
Comestibles
 g - 19 fruits
 D - a beef jerky
 T - 25 bread rations


   Skills:
 + Level 12.3 Fighting
 - Level 18.0 Long Blades
 - Level 16.0 Throwing
 + Level 14.4 Armour
 + Level 13.1 Dodging
 + Level 9.2 Stealth
 + Level 17.8 Shields
 - Level 8.0 Spellcasting
 - Level 0.9 Conjurations
 - Level 6.7 Charms
 - Level 6.7 Translocations
 - Level 13.0 Poison Magic
 - Level 8.0 Invocations
 - Level 6.0 Evocations


You had 29 spell levels left.
You knew the following spells:

 Your Spells              Type           Power        Failure   Level  Hunger
a - Apportation           Tloc           ####......   2%          1    None
b - Blink                 Tloc           N/A          4%          2    None
c - Shroud of Golubria    Chrm/Tloc      ####......   4%          2    None
d - Teleport Other        Tloc           ####....     10%         3    None
e - Sting                 Conj/Pois      ####         2%          1    None


Dungeon Overview and Level Annotations

Branches:
Dungeon (15/15)            Temple (1/1) D:5            Lair (8/8) D:11
 Shoals (4/4) Lair:5        Snake (4/4) Lair:5        Slime (0/6) Lair:7
    Orc (2/2) D:11            Elf (2/3) Orc:2        Vaults (5/5) D:13
  Crypt (1/3) Vaults:3     Depths (2/5) D:15

Altars:
Ashenzari
Cheibriados
Dithmenos
Elyvilon
Fedhas
Gozag
Kikubaaqudgha
Makhleb
Nemelex Xobeh
Okawaru
Pakellas
Qazlal
Ru
Sif Muna
Trog
Vehumet
Xom
Yredelemnul
Zin
The Shining One
Beogh

Shops:
D:7 [   D:11 [*   D:14 [   Orc:1 [=*%%   Orc:2 ((:   Vaults:1 !

Portals:
Hell: Depths:1
Ziggurat: Depths:1
Trove: Elf:1 (give +4 shadow dragon armour)

Annotations:
D:2 Yiuf, 1 exclusion
D:3 Romlok's ghost, amateur GrWr
Lair:7 exclusion: 2 oklob plants
Elf:2 Jorgrun; Roxanne
Vaults:2 exclusion: orange crystal statue
Vaults:4 Saint Roka
Depths:2 3 runed doors


Innate Abilities, Weirdness & Mutations

You are resistant to torment.
Your stone body is resilient (AC +17).
You are immune to poison.
Your large and strong wings let you fly indefinitely.
You resist negative energy.
You are resistant to electric shocks.
You can survive without breathing.
You are immune to petrification.
You are immune to rotting.
You possess an exceptional clarity of mind.
Your flesh is heat resistant.
You regenerate slowly when monsters are visible.
Your spells are a little easier to cast, but a little less powerful.
You expend magic power (3 MP) to strengthen your wands.


Message History

The dungeon rumbles around Jorgrun!
A door shatters! x5
The war axe of flaming falls from the air.
You shudder from the earth-shattering force.
Ouch! That really hurt!
A door shatters! x2
Ka-crash!
You hear a shout!
A flail of holy wrath comes into view.
You see here a long sword.
All of the chunks of flesh in your inventory have rotted away.
There is an open door here.
Jorgrun points at the translucent rock wall and mumbles some strange words.
Some rock shatters into small pieces.
Jorgrun says, "'tis place shall be yer tomb!"
Jorgrun says, "'tis place shall be yer tomb!"
Jorgrun gestures wildly while chanting.
The dungeon rumbles around Jorgrun!
You shudder from the earth-shattering force.
Ouch! That really hurt!
You die...

.## #.#..#.###..#.####
### # ##
#..........[..##.# #
#.#.#.#g#.#.#.##.#######
##
#.............#...'.....
.#
#######.#######...######
## #.# ###'# ## #.# #.#
# '## #.# #.# ## #.##
#@# ###'#####. ##.##
#.#######.....##.#
##.#######
#.).).(........'##
####'##.).###
#######.).((...(## .#
##..(.<..# .#
#..(....(...#
.####.......##.8.##
#...(.......#
.'..'().....+......
+..(.((.(...#
.####.....).#######
#..=........# .#
#.......# #....<......#


You could see Jorgrun.

Vanquished Creatures
  Norris (Vaults:2)
  2 golden dragons (Vaults:5)
  Nikola (Depths:1)
  3 liches
  2 tentacled monstrosities (Vaults:5)
  2 titans (Vaults:5)
  4 krakens
  2 tentacled starspawn (Abyss:3)
  2 shadow dragons (Vaults:5)
  8 greater nagas
  3 storm dragons
  Ilsuiw (Shoals:4)
  A tengu reaver (Vaults:5)
  2 fire giants
  Maud (Lair:4)
  A deep elf sorcerer (Abyss:3)
  6 frost giants
  15 vault wardens
  3 orc warlords
  8 ironheart preservers
  8 stone giants
  7 very ugly things
  2 deep elf demonologists (Vaults:5)
  A war gargoyle (Vaults:5)
  2 deep elf annihilators
  A dire elephant (D:15)
  A salamander stormcaller (Vaults:5)
  2 deep elf death magi (Vaults:5)
  10 merfolk javelineers
  7 ettins
  2 fire dragons
  A deep elf high priest (Vaults:5)
  10 merfolk impalers
  12 yaktaur captains
  36 vault guards
  A rakshasa (Abyss:2)
  6 great orbs of eyes
  2 entropy weavers (Depths:1)
  2 ice dragons
  9 hydras
  19 naga warriors
  A catoblepas (Lair:5)
  6 merfolk avatars
  3 deep troll shamans
  2 alligator snapping turtles (Shoals:4)
  9 centaur warriors
  The ghost of Nightblair the Basher, a novice MiFi of Makhleb (Volcano)
  8 anacondas
  2 death knights (Vaults:3)
  4 merfolk aquamancers
  9 dancing weapons
  12 death yaks
  11 ogre magi
  2 tengu warriors
  2 deep troll earth magi
  2 thrashing horrors
  9 shock serpents
  5 orc high priests
  18 naga sharpshooters
  An iron troll (Depths:1)
  A titan skeleton (Vaults:5)
  7 deep elf knights
  A spark wasp zombie (Depths:2)
  5 salamander mystics
  4 shadow wraiths
  2 fire crabs
  2 giant orange brains
  4 unseen horrors
  An unseen horror (shapeshifter) (Depths:1)
  3 flayed ghosts
  8 sea snakes
  8 deep trolls
  16 ironbrand convokers
  2 shadow dragon zombies
  11 naga ritualists
  3 phantasmal warriors (Vaults:5)
  6 deep elf archers
  4 necromancers
  5 hill giants
  A wizard (D:15)
  5 mana vipers
  21 orc knights
  A frost giant zombie (Depths:2)
  47 ugly things
  8 wolf spiders
  8 orc sorcerers
  19 harpies
  5 griffons
  A hornet (Vaults:2)
  7 fauns
  46 deep elf magi
  8 cyclopes
  15 sirens
  33 naga magi
  4 guardian serpents
  21 manticores
  A centaur zombie (D:13)
  44 black mambas
  15 elephants
  A fire giant skeleton (Vaults:5)
  23 salamanders
  2 human skeletons
  19 spiny frogs
  5 water nymphs
  9 vault sentinels
  2 ice statues (IceCv)
  An eye of devastation (shapeshifter) (Vaults:5)
  A rime drake (shapeshifter) (Vaults:1)
  A gargoyle (D:12)
  A human zombie (Vaults:5)
  49 yaktaurs
  5 kobold demonologists
  2 komodo dragons (shapeshifter)
  8 rime drakes
  6 freezing wraiths
  7 ice devils (IceCv)
  5 ancient zymes (Abyss:3)
  12 komodo dragons
  A yaktaur skeleton (Vaults:4)
  2 guardian mummies (Elf:1)
  4 trolls
  4 harpy zombies (Shoals:2)
  2 tengu conjurers (Depths:1)
  A jumping spider (shapeshifter) (D:15)
  3 wind drakes
  45 merfolk
  A tengu simulacrum (Vaults:3)
  2 raiju
  52 slime creatures
  2 polar bears (shapeshifter)
  5 boulder beetles
  32 two-headed ogres
  A shadow dragon simulacrum (Vaults:4)
  6 large abominations
  25 blink frogs
  13 snapping turtles
  A blink frog (shapeshifter) (Vaults:4)
  A griffon zombie (Shoals:2)
  5 flying skulls (Abyss:3)
  15 redbacks
  A tarantella (Depths:1)
  4 air elementals
  A shadow (D:10)
  15 water elementals
  A tarantella (shapeshifter) (Vaults:2)
  7 basilisks
  53 yaks
  5 wyverns
  4 humans (D:13)
  3 wraiths
  25 hippogriffs
  A hippogriff (shapeshifter) (Vaults:2)
  A neqoxec (Abyss:2)
  4 steam dragons (Lair:8)
  4 hungry ghosts
  14 vampire mosquitoes
  56 nagas
  9 wargs
  3 mottled dragons
  15 water moccasins
  2 hell hounds
  18 porcupines
  A swamp drake (Lair:8)
  A phantom (D:10)
  5 ice beasts
  A sky beast (D:13)
  80 orc warriors
  An eye of draining (Abyss:3)
  2 eyes of draining (shapeshifter)
  56 ogres
  21 wolves
  5 boggarts
  A necrophage (D:9)
  A wolf (shapeshifter) (Vaults:5)
  10 centaurs
  9 crocodiles
  10 big kobolds
  22 giant frogs
  A wyvern skeleton (D:14)
  A wyvern zombie (D:14)
  2 small abominations (Abyss:3)
  2 scorpions
  6 wights
  4 electric eels
  5 howler monkeys
  8 crimson imps
  A vampire bat (Lair:1)
  3 quasits
  2 giant frog zombies
  6 centaur skeletons
  4 hounds
  An iron imp (Depths:1)
  39 orc priests
  A jelly (D:11)
  39 orc wizards
  Jessica (D:2)
  18 iguanas
  A killer bee zombie (D:5)
  6 worker ants
  33 sheep
  3 hound skeletons
  3 gnolls
  4 worker ant zombies
  16 adders
  61 river rats
  6 shadow imps
  14 white imps
  4 ufetubi
  2 oozes (D:2)
  An adder zombie (D:6)
  An adder skeleton (D:5)
  6 worms
  3 dart slugs
  9 giant geckos
  164 orcs
  7 giant cockroaches
  12 goblins
  12 hobgoblins
  11 jackals
  5 quokkas
  3 ball pythons
  19 bats
  A giant cockroach zombie (D:6)
  8 giant newts
  A jackal skeleton (D:5)
  34 kobolds
  8 rats
  12 tentacles
2187 creatures vanquished.

Vanquished Creatures (others)
  A salamander stormcaller (Vaults:3)
  A dancing weapon (Elf:2)
  An ironbrand convoker (Vaults:5)
  A naga (Snake:3)
  2 ogres
  4 white imps (IceCv)
  8 ufetubi (IceCv)
  An orc (Vaults:2)
  A bush (Lair:3)
  15 fungi
  25 plants
  36 starspawn tentacles (Abyss:3)
  174 starspawn tentacle segments (Abyss:3)
  59 tentacles
  3386 tentacle segments
3715 creatures vanquished.

Grand Total: 5902 creatures vanquished

Notes
Turn   | Place    | Note
--------------------------------------------------------------
     0 | D:1      | Romlok the Gargoyle Warper began the quest for the Orb.
     0 | D:1      | Reached XP level 1. HP: 12/12 MP: 3/3
   181 | D:1      | Reached XP level 2. HP: 14/18 MP: 5/5
   518 | D:1      | Reached skill level 2 in Long Blades
   629 | D:1      | Reached XP level 3. HP: 21/22 MP: 6/6
  1250 | D:2      | Reached skill level 3 in Long Blades
  1359 | D:2      | Reached XP level 4. HP: 24/27 MP: 7/7
  1748 | D:2      | Learned a level 2 spell: Blink
  2017 | D:2      | Found a sparkling altar of Nemelex Xobeh.
  2018 | D:2      | Noticed Jessica
  2032 | D:2      | Killed Jessica
  2032 | D:2      | Reached XP level 5. HP: 21/31 MP: 8/8
  2254 | D:2      | Found an oddly glowing altar of Pakellas.
  2623 | D:3      | Noticed Romlok's ghost (amateur GrWr)
  4342 | D:4      | Reached skill level 4 in Long Blades
  4342 | D:4      | Reached XP level 6. HP: 35/36 MP: 9/9
  4510 | D:4      | Found a basalt altar of Yredelemnul.
  4511 | D:4      | Found a glowing silver altar of Zin.
  5806 | D:3      | Reached skill level 5 in Long Blades
  6525 | D:4      | Reached XP level 7. HP: 40/40 MP: 10/10
  6773 | D:5      | Entered Level 5 of the Dungeon
  7022 | D:5      | Found a staircase to the Ecumenical Temple.
  7032 | Temple   | Entered the Ecumenical Temple
  7066 | Temple   | Became a worshipper of Warmaster Okawaru
  7440 | D:5      | Reached skill level 6 in Long Blades
  8205 | D:5      | Reached skill level 1 in Shields
  8636 | D:6      | Found a sparkling altar of Nemelex Xobeh.
  8779 | D:4      | Gained mutation: Your natural rate of healing is unusually fast. [potion of mutation]
  8779 | D:4      | Gained mutation: You are frail (-10% HP). [potion of mutation]
  8779 | D:4      | Gained mutation: You occasionally shout uncontrollably at your foes. [potion of mutation]
  8782 | D:4      | Gained mutation: You are dopey. (Int -2) [potion of mutation]
  8782 | D:4      | Gained mutation: Your flesh is heat resistant. [potion of mutation]
  8873 | D:5      | Reached XP level 8. HP: 20/40 MP: 11/11
  8950 | D:6      | Reached skill level 7 in Long Blades
  8982 | D:6      | Reached * piety under Okawaru
  9652 | D:6      | Found a glowing golden altar of the Shining One.
  9808 | D:5      | Reached skill level 8 in Long Blades
  9813 | D:5      | Found a deep blue altar of Sif Muna.
 10041 | D:7      | Found a shimmering altar of Xom.
 10173 | D:7      | Found an ancient bone altar of Kikubaaqudgha.
 10237 | D:7      | Reached ** piety under Okawaru
 10237 | D:7      | Reached XP level 9. HP: 36/44 MP: 12/12
 10261 | D:7      | Found Nainixi's Antique Armour Shoppe.
 10273 | D:7      | Bought a fine ring mail for 261 gold pieces
 10273 | D:7      | Identified the +4 ring mail of Calculation {Str+3} (You bought it in a shop on level 7 of the Dungeon)
 10398 | D:7      | Reached skill level 5 in Shields
 10516 | D:7      | Reached skill level 9 in Long Blades
 12512 | D:9      | Reached skill level 5 in Armour
 12512 | D:9      | Reached skill level 1 in Invocations
 12597 | D:10     | Entered Level 10 of the Dungeon
 12646 | D:10     | Reached *** piety under Okawaru
 12781 | D:10     | Reached skill level 10 in Long Blades
 12824 | D:10     | Reached XP level 10. HP: 48/48 MP: 13/13
 12881 | D:10     | Noticed a hill giant
 12965 | D:10     | Reached **** piety under Okawaru
 13385 | D:10     | Lost mutation: Your natural rate of healing is unusually fast. [potion of cure mutation]
 13385 | D:10     | Lost mutation: You occasionally shout uncontrollably at your foes. [potion of cure mutation]
 13385 | D:10     | Lost mutation: You are dopey. (Int -2) [potion of cure mutation]
 13385 | D:10     | Lost mutation: You are frail (-10% HP). [potion of cure mutation]
 13775 | D:11     | Found a staircase to the Lair.
 13804 | D:11     | Found a staircase to the Orcish Mines.
 13977 | D:11     | Noticed a guardian serpent
 13994 | D:10     | Killed a guardian serpent
 13994 | D:10     | Received a gift from Okawaru
 14304 | D:11     | Found a roughly hewn altar of Beogh.
 14349 | D:11     | Reached ***** piety under Okawaru
 14456 | D:11     | Got a faintly glowing leather armour
 14457 | D:11     | Identified the +2 leather armour of the Ancient Seas {Regen+} (You found it on level 11 of the Dungeon)
 14528 | D:11     | Noticed a guardian serpent
 14553 | D:11     | Killed a guardian serpent
 14553 | D:11     | Reached skill level 11 in Long Blades
 14744 | D:11     | Found Auad's Alliterative Accessories.
 14847 | D:11     | Found Tibiukyps's Armour Shoppe.
 14878 | D:11     | Reached XP level 11. HP: 57/58 MP: 14/14
 15004 | D:11     | Noticed a white ugly thing
 15207 | D:10     | Received a gift from Okawaru
 15207 | D:10     | Reached skill level 5 in Invocations
 15277 | Lair:1   | Entered Level 1 of the Lair of Beasts
 15300 | Lair:1   | Noticed a five-headed hydra
 16187 | Lair:1   | Reached skill level 12 in Long Blades
 16447 | Lair:1   | Reached skill level 1 in Throwing
 16920 | Lair:2   | Noticed a seven-headed hydra
 17093 | Lair:2   | Received a gift from Okawaru
 17100 | Lair:2   | Reached XP level 12. HP: 56/64 MP: 17/17
 17101 | Lair:2   | Got an ancient scale mail {god gift}
 17118 | Lair:2   | Identified the +2 scale mail of Pandemonium {Dex+3} (Okawaru gifted it to you on level 2 of the Lair of Beasts)
 17882 | Lair:3   | Noticed a seven-headed hydra
 18041 | Lair:3   | Reached skill level 1 in Stealth
 18151 | Lair:3   | Got a smoking leather armour
 18152 | Lair:3   | Identified the +2 leather armour "Sojunus" {rC++} (You found it on level 3 of the Lair of Beasts)
 18880 | Lair:4   | Reached ****** piety under Okawaru
 18880 | Lair:4   | Reached skill level 5 in Fighting
 19002 | Lair:4   | Found a frozen archway.
 19020 | IceCv    | Entered an ice cave
 20603 | IceCv    | Reached skill level 10 in Shields
 21012 | Lair:4   | Noticed Maud
 21013 | Lair:4   | Upgraded the game from 0.18.1-1-g2f07953 to 0.18.1-2-ga659475
 21560 | Lair:4   | Noticed a six-headed hydra
 21577 | Lair:3   | Received a gift from Okawaru
 21586 | Lair:3   | Reached XP level 13. HP: 74/74 MP: 19/19
 22465 | Lair:3   | Reached skill level 5 in Stealth
 22584 | Lair:4   | Killed Maud
 22776 | Lair:5   | Reached skill level 5 in Translocations
 22894 | Lair:5   | Received a gift from Okawaru
 23037 | Lair:5   | Found a staircase to the Shoals.
 23179 | Lair:5   | Found a staircase to the Snake Pit.
 23268 | Lair:5   | Reached skill level 5 in Throwing
 23346 | Lair:5   | Identified Sif Muna's Volume of Fetching Calling
 23581 | Lair:5   | Reached skill level 5 in Spellcasting
 23912 | Lair:6   | Reached skill level 5 in Dodging
 25185 | Lair:7   | Found a staircase to the Slime Pits.
 25260 | Lair:7   | Gained mutation: Your large and strong wings let you fly indefinitely. [Gargoyle growth]
 25260 | Lair:7   | Reached XP level 14. HP: 80/80 MP: 22/22
 25357 | Lair:7   | Received a gift from Okawaru
 25358 | Lair:7   | Got a steaming buckler {god gift}
 25369 | Lair:7   | Identified the +0 buckler of the Present {+Inv Regen+ Str+8 Stlth-} (Okawaru gifted it to you on level 7 of the Lair of Beasts)
 25722 | Lair:8   | Entered Level 8 of the Lair of Beasts
 25768 | Lair:8   | Reached skill level 1 in Evocations
 26277 | Lair:8   | Found a dark tunnel.
 26298 | Volcano  | Entered a volcano
 26311 | Volcano  | Noticed Nightblair's ghost (novice MiFi)
 26330 | Volcano  | Killed Nightblair's ghost
 26771 | Lair:8   | Got a smoking spear
 26772 | Lair:8   | Identified the +10 spear of Qakascho {antimagic, Int+4 Dex+3} (You found it on level 8 of the Lair of Beasts)
 27056 | Lair:8   | Received a gift from Okawaru
 27821 | Lair:8   | Reached XP level 15. HP: 80/86 MP: 23/26
 28143 | D:11     | Learned a level 2 spell: Shroud of Golubria
 28147 | D:11     | Learned a level 3 spell: Teleport Other
 28155 | D:12     | Upgraded the game from 0.18.1-2-ga659475 to 0.18.1-5-g4a78601
 28194 | D:11     | Received a gift from Okawaru
 28839 | D:12     | Reached skill level 5 in Evocations
 29440 | D:12     | Received a gift from Okawaru
 29500 | Orc:1    | Entered Level 1 of the Orcish Mines
 29500 | Orc:1    | Noticed an orc warlord
 29670 | D:12     | Received a gift from Okawaru
 29674 | D:12     | Got a pitted chain mail {god gift}
 29685 | D:12     | Identified the +1 chain mail of the Centipede {Int+2} (Okawaru gifted it to you on level 12 of the Dungeon)
 29793 | D:13     | Found a gate to the Vaults.
 30888 | D:14     | Found a radiant altar of Vehumet.
 31272 | D:14     | Found Set Yrop's Antique Armour Shop.
 31282 | D:14     | Bought a brightly glowing chain mail for 237 gold pieces
 31282 | D:14     | Bought a pair of glowing boots for 112 gold pieces
 31302 | D:14     | Identified the +8 chain mail of the Trilobite {rElec Int+7 Stlth+} (You bought it in a shop on level 14 of the Dungeon)
 31638 | D:15     | Entered Level 15 of the Dungeon
 31829 | D:15     | Reached XP level 16. HP: 94/94 MP: 28/28
 32026 | D:15     | Received a gift from Okawaru
 32027 | D:15     | Got a transparent scimitar {god gift}
 32053 | D:15     | Reached skill level 13 in Long Blades
 32054 | D:15     | Identified the +8 scimitar "Ussacw" {slice, Int+4 Dex+6} (Okawaru gifted it to you on level 15 of the Dungeon)
 32116 | D:15     | Found a staircase to the Depths.
 32582 | D:15     | Reached skill level 1 in Charms
 32928 | D:13     | Received a gift from Okawaru
 33227 | Orc:1    | Found Seraij's Antique Armour Emporium.
 33241 | Orc:1    | Bought a pair of glowing boots for 81 gold pieces
 33241 | Orc:1    | Bought a pair of runed gloves for 81 gold pieces
 33305 | Orc:1    | Found Kidd's Jewellery Emporium.
 33318 | Orc:1    | Bought a cursed ring of loudness for 58 gold pieces
 33318 | Orc:1    | Bought a cursed amulet of inaccuracy for 26 gold pieces
 33324 | Orc:1    | Found Mefanoodgh's General Store.
 33488 | Orc:2    | Entered Level 2 of the Orcish Mines
 34342 | Orc:2    | Found a roughly hewn altar of Beogh.
 34427 | Orc:1    | Found Zeiry's Food Shoppe.
 34433 | Orc:1    | Found Zeten's Food Shop.
 34575 | Orc:2    | Found Ydexadd's Antique Weapon Emporium.
 34598 | Orc:2    | Found Efixurph's General Store.
 34895 | Orc:2    | Received a gift from Okawaru
 34919 | Orc:2    | Paralysed by an orc sorcerer for 5 turns
 35072 | Orc:2    | Found a staircase to the Elven Halls.
 35246 | Orc:2    | Found Ughiunec's Antique Weapon Shop.
 35443 | Orc:2    | Found Ugikubeg's Book Boutique.
 35675 | Orc:2    | Found a roughly hewn altar of Beogh.
 35790 | Orc:2    | Bought a shimmering demon blade for 800 gold pieces
 35791 | Orc:2    | Identified the cursed +1 demon blade "Banisher" {freeze, rN+ Int+3 Dex-4} (You bought it in a shop on level 2 of the Orcish Mines)
 35977 | D:11     | Learned a level 1 spell: Sting
 36080 | Snake:1  | Entered Level 1 of the Snake Pit
 36246 | Snake:1  | Received a gift from Okawaru
 36246 | Snake:1  | Reached skill level 1 in Poison Magic
 36653 | Snake:1  | Reached XP level 17. HP: 99/101 MP: 27/29
 37301 | Snake:2  | Found a runed door.
 37330 | Snake:2  | Reached skill level 14 in Long Blades
 37351 | Snake:2  | Got a polished war axe
 37810 | Snake:2  | Received a gift from Okawaru
 37977 | Snake:2  | Reached skill level 10 in Fighting
 38222 | Snake:2  | Found a deep blue altar of Sif Muna.
 38267 | Snake:2  | Reached skill level 5 in Poison Magic
 39258 | Snake:3  | Reached skill level 5 in Charms
 39679 | Snake:3  | Received a gift from Okawaru
 40084 | Snake:3  | Received a gift from Okawaru
 40085 | Snake:3  | Got an ichor-stained demon blade {god gift}
 40086 | Snake:3  | Identified the +5 demon blade of the Hidden Seas {venom, rElec rF+ Int-3 SInv} (Okawaru gifted it to you on level 3 of the Snake Pit)
 40212 | Snake:4  | Entered Level 4 of the Snake Pit
 40284 | Snake:3  | Reached XP level 18. HP: 100/108 MP: 26/30
 40602 | Snake:4  | Found a deep blue altar of Sif Muna.
 41085 | D:11     | Identified the +5 war axe of Unuic {pain, *Rage rElec rPois Dex-3} (You found it on level 2 of the Snake Pit)
 41340 | Snake:3  | Received a gift from Okawaru
 41341 | Snake:3  | Got an encrusted buckler {god gift}
 41354 | Snake:3  | Identified the +1 buckler of Fortification {rPois} (Okawaru gifted it to you on level 3 of the Snake Pit)
 41912 | Snake:3  | Reached skill level 10 in Throwing
 43045 | Snake:4  | Got a serpentine rune of Zot
 43405 | Shoals:1 | Entered Level 1 of the Shoals
 43744 | Shoals:1 | Received a gift from Okawaru
 43771 | Shoals:1 | Got a translucent scale mail
 43772 | Shoals:1 | Identified the +1 scale mail of Okawaru's Pride {rF++ rN++ Stlth+} (You found it on level 1 of the Shoals)
 44195 | Shoals:2 | Got a heavily runed ring mail
 44196 | Shoals:2 | Identified the +5 ring mail of Hedge Wizardry {rElec} (You found it on level 2 of the Shoals)
 44322 | Shoals:2 | Reached XP level 19. HP: 91/115 MP: 27/31
 44732 | Shoals:2 | Gained mutation: You possess an exceptional clarity of mind. [potion of beneficial mutation]
 44878 | Shoals:2 | Received a gift from Okawaru
 45346 | Shoals:2 | Received a gift from Okawaru
 45782 | Shoals:3 | Received a gift from Okawaru
 46029 | Shoals:3 | Got a smoking long sword
 46030 | Shoals:3 | Identified the +9 long sword of Optimality {slice, SInv} (You found it on level 3 of the Shoals)
 46871 | Shoals:4 | Entered Level 4 of the Shoals
 46896 | Shoals:4 | Noticed Ilsuiw
 47311 | Shoals:4 | Reached skill level 15 in Shields
 47818 | Shoals:4 | Received a gift from Okawaru
 47819 | Shoals:4 | Got a fine cloak {god gift}
 47830 | Shoals:4 | Identified the -7 cloak "Jeceipn" {Stlth+} (Okawaru gifted it to you on level 4 of the Shoals)
 49028 | Shoals:4 | Reached skill level 10 in Dodging
 49094 | Shoals:4 | Reached skill level 10 in Armour
 49406 | Shoals:4 | Reached skill level 15 in Long Blades
 49770 | Shoals:4 | Killed Ilsuiw
 49884 | Shoals:4 | Cast into level 2 of the Abyss (merfolk)
 50026 | Abyss:2  | Noticed a bone dragon
 50100 | Abyss:2  | Got a smoking plate armour
 50138 | Abyss:2  | Gained mutation: You expend magic power (3 MP) to strengthen your wands. [a neqoxec]
 50185 | Shoals:4 | Escaped the Abyss
 50210 | Shoals:4 | Identified the +12 plate armour of the Kraken {rPois rN++ MR+ Str-2} (You found it on level 2 of the Abyss)
 50271 | Shoals:4 | Reached skill level 10 in Poison Magic
 50920 | Shoals:4 | Reached XP level 20. HP: 96/120 MP: 25/32
 51618 | Shoals:4 | Got a barnacled rune of Zot
 52060 | Shoals:4 | Got a transparent scale mail
 52297 | Shoals:3 | Identified the +2 scale mail "Goankou" {rElec MR+ Str-2 Dex+4} (You took it off a merfolk impaler on level 4 of the Shoals)
 52539 | Vaults:1 | Entered Level 1 of the Vaults
 52838 | Vaults:1 | Received a gift from Okawaru
 52938 | Vaults:1 | Found Nihocri's Distillery.
 53941 | Vaults:1 | Identified a scroll of acquirement
 53945 | Vaults:1 | Got a fine bone amulet
 53946 | Vaults:1 | Identified the amulet of Petail {Gourm rPois rC+ Str+2 Int-3} (You acquired it on level 1 of the Vaults)
 54306 | Vaults:1 | Received a gift from Okawaru
 54595 | Vaults:1 | Received a gift from Okawaru
 55450 | Vaults:2 | Noticed Norris
 56078 | Vaults:2 | Received a gift from Okawaru
 56398 | Vaults:2 | Paralysed by Norris for 6 turns
 56666 | Vaults:2 | Reached skill level 16 in Long Blades
 56990 | Vaults:2 | Reached XP level 21. HP: 124/124 MP: 33/33
 57024 | Vaults:2 | Paralysed by Norris for 6 turns
 57067 | Vaults:2 | Killed Norris
 57408 | Vaults:2 | Received a gift from Okawaru
 58797 | Vaults:3 | Cast into level 3 of the Abyss (a lich)
 58967 | Abyss:3  | Noticed a bone dragon
 59021 | Abyss:3  | Received a gift from Okawaru
 59023 | Abyss:3  | Got an encrusted short sword {drain}
 59127 | Abyss:3  | Got a twisted hand axe
 59225 | Abyss:3  | Noticed a profane servitor
 59238 | Abyss:3  | Gained mutation: You regenerate slowly when monsters are visible. [a neqoxec]
 59260 | Abyss:3  | Found a corrupted altar of Lugonu.
 59286 | Vaults:3 | Escaped the Abyss
 59341 | Vaults:3 | Received a gift from Okawaru
 59342 | Vaults:3 | Got a translucent great sword {god gift}
 59399 | Vaults:3 | Identified the +10 great sword of Voseekla {slice, Int+3} (Okawaru gifted it to you on level 3 of the Vaults)
 59546 | Vaults:3 | Identified the +8 short sword "Gyow" {drain, *Corrode *Drain rElec Int+4} (You took it off a deep elf sorcerer on level 3 of the Abyss)
 59902 | Vaults:3 | Found a staircase to the Crypt.
 59915 | Crypt:1  | Entered Level 1 of the Crypt
 61538 | Vaults:3 | Received a gift from Okawaru
 62276 | Vaults:4 | Noticed Saint Roka
 62656 | Vaults:4 | Received a gift from Okawaru
 62835 | Vaults:4 | Reached XP level 22. HP: 128/130 MP: 34/34
 62874 | Vaults:4 | Reached skill level 17 in Long Blades
 63097 | Vaults:4 | Received a gift from Okawaru
 63508 | Vaults:4 | Received a gift from Okawaru
 63799 | Vaults:5 | Entered Level 5 of the Vaults
 63975 | Vaults:4 | Received a gift from Okawaru
 64631 | Vaults:5 | Noticed a golden dragon
 64645 | Vaults:5 | Got a silver rune of Zot
 64771 | Vaults:5 | HP: 6/130 [yaktaur captain/bolt (7)]
 65342 | Vaults:5 | Received a gift from Okawaru
 65479 | Vaults:5 | Got an ancient greatsling
 65479 | Vaults:5 | Got a smoking scimitar {freeze}
 65480 | Vaults:5 | Identified the cursed +2 scimitar "Grim Tooth" {freeze, rC- rN+ MR+} (You took it off an ironheart preserver on level 5 of the Vaults)
 65828 | Vaults:5 | Got a bloodstained long sword {pain}
 65852 | Vaults:5 | Identified the +7 long sword "Bumes" {pain, rN+ Str+3 Stlth-} (You took it off a frost giant on level 5 of the Vaults)
 65978 | Vaults:5 | Got a slimy short sword {drain}
 66086 | Vaults:5 | Reached skill level 15 in Throwing
 66090 | Vaults:5 | Noticed a golden dragon
 66115 | Vaults:5 | Killed a golden dragon
 66200 | Vaults:5 | Killed a golden dragon
 66586 | Vaults:5 | Cast into level 3 of the Abyss (a deep elf demonologist)
 66815 | Vaults:5 | Escaped the Abyss
 66831 | Vaults:5 | Received a gift from Okawaru
 66855 | Vaults:5 | Reached XP level 23. HP: 90/135 MP: 35/35
 67606 | Vaults:5 | Received a gift from Okawaru
 67702 | Vaults:5 | Reached skill level 18 in Long Blades
 67906 | Vaults:5 | Gained mutation: Your spells are a little easier to cast, but a little less powerful. [a neqoxec]
 67907 | Vaults:5 | Received a gift from Okawaru
 68530 | D:13     | Identified the +4 short sword "Orb Guardian's Regret" {drain, Int+4 Dex+6} (You took it off a tengu reaver on level 5 of the Vaults)
 68845 | Depths:1 | Entered Level 1 of the Depths
 69000 | Depths:1 | Found a shattered altar of Ashenzari.
 69163 | Depths:1 | Found a gateway to a ziggurat.
 69257 | Depths:1 | Noticed Nikola
 69285 | Depths:1 | Killed Nikola
 70054 | Depths:1 | Found a gateway to Hell.
 70253 | Depths:1 | Received a gift from Okawaru
 70907 | Depths:1 | Received a gift from Okawaru
 70962 | Depths:2 | Found a runed gate.
 70962 | Depths:2 | Found a runed gate.
 70962 | Depths:2 | Found a runed gate.
 71184 | Depths:2 | Noticed a caustic shrike
 71437 | Elf:1    | Entered Level 1 of the Elven Halls
 71457 | Elf:1    | You fall through a shaft!
 71533 | Elf:2    | Found a runed gate.
 71533 | Elf:2    | Found a runed gate.
 71534 | Elf:2    | Found a runed gate.
 71713 | Elf:2    | Got a sparkling sapphire amulet
 71717 | Elf:2    | Identified the amulet of Faenycos {Faith rPois MP+9 Int-2 Dex+4} (You found it on level 2 of the Elven Halls)
 71988 | Elf:1    | Found a flickering gateway to a bazaar.
 71993 | Bazaar   | Entered a bazaar
 71993 | Bazaar   | Found Gojytud's Magic Scroll Shoppe.
 71993 | Bazaar   | Found Qapluarr's Armour Emporium.
 71996 | Bazaar   | Found Quack's Antique Weapon Emporium.
 71997 | Bazaar   | Found Velykhlu's Gadget Shoppe.
 72033 | Bazaar   | Bought a scroll of blinking for 97 gold pieces
 72218 | Elf:1    | Identified Ownilliu's Compendium of Conjuration
 72470 | Elf:1    | Found a portal to a secret trove of treasure.
 72908 | Elf:2    | Noticed Roxanne
 73193 | Elf:2    | Noticed Jorgrun
 73211 | Elf:2    | Killed from afar by Jorgrun

Skill      XL: |  1  2  3  4  5  6  7  8  9 10 11 12 13 14 15 16 17 18 19 20 21 22 23 |
---------------+----------------------------------------------------------------------+-----
Long Blades    | 2 3 4 5 6 8 10 11 12 13 14 15 16 17 18 | 18.0
Armour         | 2 4 5 7 8 10 11 12 13 14 | 14.4
Shields        | 2 4 6 7 9 10 11 12 13 14 15 16 17 | 17.8
Invocations    | 2 4 7 8 |  8.0
Throwing       | 2 4 5 6 7 8 9 10 11 12 14 15 16 | 16.0
Dodging        | 2 4 5 6 7 8 9 10 11 12 13 | 13.1
Fighting       | 3 6 7 8 9 10 11 12 | 12.3
Stealth        | 4 6 7 8 9 |  9.2
Translocations | 4 6 |  6.7
Spellcasting   | 3 5 7 8 |  8.0
Evocations     | 4 5 6 |  6.0
Charms         | 3 5 6 |  6.7
Poison Magic   | 1 6 8 10 11 13 | 13.0
Conjurations   | |  0.9

Action                   |  1- 3 |  4- 6 |  7- 9 | 10-12 | 13-15 | 16-18 | 19-21 | 22-24 || total
-------------------------+-------+-------+-------+-------+-------+-------+-------+-------++-------
Melee: Falchion          |   160 |   374 |   265 |   968 |       |       |       |       ||  1767
       Dagger            |       |       |   358 |   233 |    50 |       |       |       ||   641
       Scimitar          |       |       |       |   307 |    17 |  2561 |  3134 |  1925 ||  7944
       Demon blade       |       |       |       |   121 |  1707 |    91 |   136 |       ||  2055
       Long sword        |       |       |       |       |    32 |     8 |       |       ||    40
       Spear             |       |       |       |       |       |       |     6 |       ||     6
 Fire: Hunting sling     |       |    16 |    24 |     5 |       |       |       |       ||    45
       Blowgun           |       |       |       |    14 |    29 |       |       |       ||    43
Throw: Stone             |    54 |    87 |    96 |    38 |       |       |       |       ||   275
       Javelin           |       |       |       |     3 |       |       |    40 |    49 ||    92
       Tomahawk          |       |       |       |    18 |    19 |    22 |    67 |       ||   126
 Cast: Apportation       |       |       |       |       |     1 |       |     4 |     3 ||     8
       Shroud of Golubri |       |       |       |       |     7 |    19 |    13 |    18 ||    57
       Sting             |       |       |       |       |       |     7 |     2 |       ||     9
       Blink             |       |       |       |       |       |     4 |     5 |     1 ||    10
       Teleport Other    |       |       |       |       |       |     1 |     1 |     1 ||     3
Invok: Heroism           |       |       |       |     1 |     7 |    10 |     5 |    21 ||    44
       Finesse           |       |       |       |       |     1 |       |     1 |     4 ||     6
 Abil: Fly               |       |       |       |       |     1 |       |       |     2 ||     3
       Stop Flying       |       |       |       |       |       |       |       |     3 ||     3
Evoke: Wand              |       |       |       |     2 |       |       |       |     4 ||     6
  Use: Scroll            |       |       |    14 |     4 |     7 |     9 |    11 |    15 ||    60
       Potion            |       |       |     7 |     6 |     1 |     3 |     5 |     4 ||    26
 Stab: Sleeping          |       |       |       |     5 |    12 |    34 |    20 |    14 ||    85
       Distracted        |       |       |       |       |     5 |    11 |     5 |     6 ||    27
       Invisible         |       |       |       |       |       |     3 |       |       ||     3
  Eat: Chunk             |     2 |    15 |    19 |    22 |    36 |    33 |    78 |    39 ||   244
       Fruit             |       |     2 |     1 |       |       |     9 |     1 |       ||    13
       Pizza             |       |       |     1 |     4 |       |       |       |       ||     5
       Meat ration       |       |       |       |     1 |       |       |       |       ||     1
       Bread ration      |       |       |       |       |       |     1 |       |       ||     1
Armor: Leather armour    |    74 |   182 |   141 |   297 |   402 |   445 |       |       ||  1541
       Ring mail         |       |       |    89 |    76 |       |       |       |       ||   165
       Scale mail        |       |       |       |       |       |    57 |   765 |   457 ||  1279
Dodge: Dodged            |    91 |   193 |   214 |   269 |   377 |   815 |   937 |   612 ||  3508
Block: Large shield      |       |       |   156 |  1058 |  1229 |  2441 |  3098 |  1679 ||  9661
       Buckler           |       |       |       |       |     4 |     1 |       |       ||     5
